 Dungeon Crawl Stone Soup version 0.27-a0-906-g0a00ce863d (webtiles) character file.

Game seed: 7292990086503443429

369 DarkShadow the Chopper (level 6, -1/53 HPs)
             Began as a Minotaur Fighter on Apr 7, 2021.
             Succumbed to Dowan's poison
             ... on level 4 of the Dungeon.
             The game lasted 00:07:52 (3066 turns).

DarkShadow the Chopper (Minotaur Fighter)           Turns: 3066, Time: 00:07:53

Health: -1/53      AC:  9    Str: 20    XL:     6   Next: 41%
Magic:  5/5        EV:  8    Int:  5    God:
Gold:   131        SH: 10    Dex: 12    Spells: 5/5 levels left

rFire    . . .     SeeInvis .   a - +2 war axe
rCold    . . .     Faith    .   c - +0 kite shield
rNeg     . . .     Spirit   .   b - +0 scale mail
rPois    .         Reflect  .   (helmet restricted)
rElec    .         Harm     .   h - +1 cloak
rCorr    .         Rampage  .   (no gloves)
Will     .....                  (no boots)
Stlth    ..........             (no amulet)
HPRegen  0.17/turn              (no ring)
MPRegen  0.09/turn              (no ring)

@: mighty, lethally poisoned (-1 -> -38), about to teleport
A: horns 2, retaliatory headbutt
a: no special abilities


You were on level 4 of the Dungeon.
You visited 1 branch of the dungeon, and saw 4 of its levels.

You collected 131 gold pieces.

Inventory:

Hand Weapons
 a - a +2 war axe (weapon)
Armour
 b - a +0 scale mail (worn)
 c - a +0 kite shield (worn)
 h - a +1 cloak (worn)
Jewellery
 l - a ring of positive energy
Scrolls
 j - a scroll of teleportation
 k - 2 scrolls of fog
Potions
 f - a potion of attraction
 g - a potion of degeneration {unknown}
 i - a potion of curing {unknown}
 m - a potion of brilliance {unknown}


   Skills:
 + Level 4.7 Fighting
 + Level 5.5 Axes
 + Level 5.0 Armour
 + Level 1.6 Dodging
 + Level 0.6 Stealth
 + Level 4.7 Shields


You had 5 spell levels left.
You didn't know any spells.
Your spell library contained the following spells:

 Spells                   Type           Power      Damage    Failure   Level
 Animate Skeleton         Necr           0%         N/A       99%         1
 Apportation              Tloc           0%         N/A       99%         1
 Beastly Appendage        Tmut           0%         N/A       99%         1
 Corona                   Hex            0%         N/A       99%         1
 Summon Small Mammal      Summ           0%         N/A       99%         1
 Wereblood                Tmut           0%         N/A       100%        2
 Spider Form              Tmut/Pois      0%         N/A       100%        3
 Ice Form                 Ice/Tmut       0%         N/A       100%        4
 Hydra Form               Tmut           0%         N/A       100%        5


Dungeon Overview and Level Annotations

Branches:
Dungeon (4/15)
 Temple: D:4-7

Altars:
Makhleb

Shops:
D:1 *(   D:3 [

Annotations:
D:4 Dowan


Innate Abilities, Weirdness & Mutations

You have a pair of horns on your head.
You reflexively headbutt those who attack you in melee.


Message History

You slash Duvessa! You headbutt Duvessa!
Duvessa is almost dead.
You barely miss something.
You feel very sick. Duvessa barely misses you. You block something's attack.
You block Duvessa's attack. Something hits you.
Duvessa hits you but does no damage.
You slash Duvessa!
You kill Duvessa!
Something screams, "No!
No!
NO!"
You hit something.
You feel sick. Something completely misses you.
Something hits you but does no damage.
Your Armour skill increases to level 5!
You have reached level 6!
Your experience leads to an increase in your attributes!
Increase (S)trength, (I)ntelligence, or (D)exterity?
You feel agile.
You feel sick.
You hear some strange, mumbled words.
A stone arrow appears from out of thin air!
The stone arrow hits you! Something hits you but does no damage.
You are more poisoned.
You closely miss something.
You feel very sick. Something hits you but does no damage.
You are more poisoned.
Something hits you but does no damage.
You are lethally poisoned!
You barely miss something.
* * * LOW HITPOINT WARNING * * *
You feel extremely sick. Something hits you.
* * * LOW HITPOINT WARNING * * *
You are more poisoned.
Something hits you.
* * * LOW HITPOINT WARNING * * *
You are more poisoned.
As you read the scroll of teleportation, it crumbles to dust.
You feel strangely unstable.
You die...

.# ##. ## #.. ..
#.< .# #.# .#
####.## .#
#.....##.###.#
?..#..{@........#
!.....8.)...#####
..........$.#
...........##
...####....# ..
####.# . #.# #+#
#.# #.# #.#


There were no monsters in sight!

Vanquished Creatures
  Duvessa (D:4)
  A water moccasin zombie (D:4)
  A scorpion zombie (D:4)
  3 hound zombies (D:4)
  4 adders
  A howler monkey skeleton (D:4)
  An adder zombie (D:4)
  A worm (D:2)
  A dart slug (D:2)
  3 orcs (D:3)
  3 ball pythons
  7 bats
  8 endoplasms
  3 giant cockroaches
  9 goblins
  6 hobgoblins
  7 jackals
  3 quokkas
  2 frilled lizards
  A jackal zombie (D:4)
  6 kobolds
  A quokka skeleton (D:4)
  9 rats
82 creatures vanquished.

Notes
Turn   | Place    | Note
-------+----------+-------------------------------------------
     0 | D:1      | DarkShadow the Minotaur Fighter began the quest for the
                  | Orb.
     0 | D:1      | Reached XP level 1. HP: 19/19 MP: 0/0
    79 | D:1      | Reached XP level 2. HP: 23/27 MP: 1/1
    94 | D:1      | Found a faded altar of an unknown god.
   286 | D:1      | Found Vojolaf's General Store.
   712 | D:1      | Reached XP level 3. HP: 33/33 MP: 2/2
   919 | D:1      | Found Xajomuc's Antique Weapon Emporium.
  1477 | D:2      | Reached skill level 1 in Dodging
  1540 | D:2      | Found a burning altar of Makhleb.
  1606 | D:2      | Reached XP level 4. HP: 38/40 MP: 3/3
  2431 | D:3      | Found Imum's Armour Emporium.
  2803 | D:4      | Reached XP level 5. HP: 46/46 MP: 4/4
  3038 | D:4      | Reached skill level 5 in Axes
  3040 | D:4      | Noticed Duvessa
  3040 | D:4      | Noticed Dowan
  3062 | D:4      | Killed Duvessa
  3063 | D:4      | Reached skill level 5 in Armour
  3063 | D:4      | Reached XP level 6. HP: 32/53 MP: 5/5
  3066 | D:4      | Succumbed to Dowan's poison

Illustrated notes

Levels and vault maps discovered:
D:1:      giann_forest_graveyard, layout_loops_ring,
          ebering_ecumenical_altar_mist, serial_shops, nicolae_shop_stone,
          nicolae_shop_temple_entry_statues_fountains, minmay_misc_feat_chi,
          serial_bayou_pond_c
D:2:      layout_loops_ring, basic_altar, roderic_lattice_a,
          chequers_serial_rivers_large_a
D:3:      layout_rooms, serial_shops, shop
D:4:      layout_loops_corners, temple_fountains, serial_shops,
          nicolae_shop_crystal, serial_undead, serial_undead_c, serial_undead_d,
          serial_undead_b, serial_undead_d, serial_undead_c, serial_undead_f,
          serial_undead_a, ebering_ghost_disaster_area, uniq_duvessa

Skill      XL: |  1  2  3  4  5 |
---------------+----------------+-----
Axes           | 3 4 5 |  5.5
Fighting       | 4 |  4.7
Armour         | 4 5 |  5.0
Shields        | 4 |  4.7
Dodging        | 1 |  1.6
Stealth        | |  0.6

Action                   |  1- 3 |  4- 6 || total
-------------------------+-------+-------++-------
Melee: War axe           |   105 |    94 ||   199
       Headbutt          |    15 |    15 ||    30
  Use: Scroll            |     4 |     5 ||     9
       Potion            |       |     3 ||     3
Armor: Scale mail        |    66 |    50 ||   116
Dodge: Dodged            |    34 |    29 ||    63
Block: Kite shield       |    65 |    58 ||   123

Table legend: (Time is in decaauts)
 A = Elapsed time spent in this place.
 B = Non-inter-level travel time spent in this place.
 C = Inter-level travel time spent in this place.
 D = Time resting spent in this place.
 E = Time spent auto-exploring this place.
 F = Levels seen in this place.
 G = Mean time per level.
                   A        B        C        D        E       F      G
               +--------+--------+--------+--------+--------+-----+--------+
         Total |   3194 |   3096 |     98 |     58 |   2082 |   4 |  798.5 |
       Dungeon |   3194 |   3096 |     98 |     58 |   2082 |   4 |  798.5 |
               +--------+--------+--------+--------+--------+-----+--------+

Top non-repeatable levels by time:
     D:1: 1319 daAuts
     D:2: 984 daAuts
     D:3: 593 daAuts
     D:4: 296 daAuts
